 Dungeon Crawl Stone Soup version 0.17.0-26-gececa24 (webtiles) character file.

1990 Raultor the Martial Artist (level 9, 0/63 HPs)
             Began as an Octopode Monk on Nov 19, 2015.
             Succumbed to an adder's poison
             ... on level 3 of the Dungeon.
             The game lasted 00:17:29 (5958 turns).

Raultor the Martial Artist (Octopode Monk)          Turns: 5958, Time: 00:17:30

Health: 0/63       AC:  1    Str: 11    XL:     9   Next: 21%
Magic:  10/10      EV: 17    Int: 12    God:
Gold:   181        SH:  0    Dex: 17    Spells: 1 memorised, 9 levels left

rFire  . . .     SeeInvis +       - Unarmed
rCold  . . .     Clarity  .     (no shield)
rNeg   + . .     SustAt   .     (helmet restricted)
rPois  .         Gourm    .     m - amulet of stasis
rElec  .         Spirit   .     e - ring of see invisible
rCorr  .         Warding  .     u - ring of positive energy
rMut   .         Stasis   +     (no ring)
MR     .....                    (no ring)
Stlth  +++.......               (no ring)
                                (no ring)
                                (no ring)
                                (no ring)

@: lethally poisoned (0 -> -1), not resistant to hostile enchantments, fairly
stealthy
A: almost no armour, amphibious, 8 rings, constrict 8, camouflage 1, gelatinous
body 1
a: no special abilities


You were on level 3 of the Dungeon.
You were not hungry.

You visited 1 branch of the dungeon, and saw 5 of its levels.
You also visited: Sewer.

You collected 181 gold pieces.

Inventory:

Missiles
 d - 150 stones (quivered)
Jewellery
 e - a ring of see invisible (left tentacle)
 m - an amulet of stasis (around mantle)
 n - an uncursed amulet of resist mutation
 u - a ring of positive energy (right tentacle)
Wands
 t - a wand of polymorph (18)
Scrolls
 c - a scroll of recharging {unknown}
 g - a scroll of magic mapping {unknown}
 h - a scroll of amnesia {unknown}
 j - a scroll of immolation {unknown}
 k - 3 scrolls of fear {unknown}
 l - 4 scrolls of remove curse {unknown}
 r - 2 scrolls of identify {unknown}
 s - a scroll of blinking {unknown}
 w - a scroll of enchant weapon {unknown}
 y - 2 scrolls of teleportation {unknown}
Potions
 f - a potion of haste {unknown}
 i - 3 potions of curing {unknown}
 q - 3 potions of degeneration {unknown}
 v - a potion of heal wounds {unknown}
Comestibles
 a - 4 bread rations
 b - 5 fruits
 o - a royal jelly
 p - a beef jerky
 z - a slice of pizza


   Skills:
 + Level 6.7 Fighting
 + Level 0.8 Throwing
 + Level 7.1 Dodging
 - Level 2.6 Stealth
 + Level 8.5 Unarmed Combat
 + Level 1.1 Spellcasting
 + Level 0.6 Charms


You had 9 spell levels left.
You knew the following spells:

 Your Spells              Type           Power        Failure   Level  Hunger
a - Infusion              Chrm           #.....       28%         1    ##.....


Dungeon Overview and Level Annotations

Branches:
Dungeon (5/15)
 Temple: D:4-7

Altars:
Ashenzari
Elyvilon
Gozag
Kikubaaqudgha
Okawaru
Sif Muna
Vehumet
Xom
Zin
The Shining One

Annotations:
D:3 Purgy; Uberwunderbarhen's ghost, amateur OpFi
D:5 exclusion: door, Dowan; Duvessa; Pikel


Innate Abilities, Weirdness & Mutations

You cannot wear most types of armour.
You are amphibious.
You can wear up to eight rings at the same time.
You can use your tentacles to constrict eight enemies at once.
Your skin changes colour to match your surroundings (Stealth).
Your rubbery body absorbs attacks (AC +1).


Message History

You closely miss the orc. You grab the orc. You constrict the orc.
You feel sick. The orc barely misses you. The orc misses you.
You bludgeon the orc!
You kill the orc!
The orc hits you with a mace of holy wrath.
* * * LOW HITPOINT WARNING * * *
The orc hits you with a dagger.
* * * LOW HITPOINT WARNING * * *
You tentacle-slap the orc.
You kill the orc!
The orc hits you with a dagger.
* * * LOW HITPOINT WARNING * * *
You tentacle-slap the orc but do no damage.
You grab the orc. You tentacle-slap the orc.
The orc is heavily wounded.
You constrict the orc.
You tentacle-slap the orc but do no damage.
The orc is heavily wounded.
You constrict the orc.
You die...

.##..##.........##
##.#
##..#......oo.##
.. #..............
$..
#..#.#>..........
.... #
#.........###+#
#..# ##........# .
#..##...?#
#)o#...#.+
##@).....#
#...........#
#.....!.....#
#...............
#....####...###..
##..# .....$ . #.#
....... .. .#.....


You could see an orc.

Vanquished Creatures
  Grinder (D:3)
  Edmund (D:5)
  A black bear (D:4)
  A slave (D:5)
  A centaur (D:5)
  6 big kobolds (Sewer)
  2 ogres (D:5)
  A giant frog (D:5)
  2 scorpions
  A crimson imp (D:5)
  3 hounds
  2 orc priests (D:4)
  Ijyb (D:2)
  A centaur skeleton (D:5)
  4 orc wizards (D:4)
  5 worker ants
  4 river rats
  12 adders
  4 oozes (Sewer)
  An adder zombie (D:5)
  An adder skeleton (D:4)
  5 worms
  4 giant geckos
  22 orcs
  3 ball pythons
  4 giant cockroaches
  4 goblins (D:1)
  6 hobgoblins
  A jackal (D:1)
  13 kobolds
  2 quokkas (D:2)
  14 bats
  6 giant newts
  7 rats
146 creatures vanquished.

Notes
Turn   | Place    | Note
--------------------------------------------------------------
     0 | D:1      | Raultor the Octopode Monk began the quest for the Orb.
     0 | D:1      | Reached XP level 1. HP: 16/16 MP: 1/1
   112 | D:1      | Reached XP level 2. HP: 19/21 MP: 2/2
   458 | D:1      | Reached XP level 3. HP: 26/26 MP: 3/3
   876 | D:2      | Noticed Ijyb
   888 | D:2      | Killed Ijyb
   888 | D:2      | Reached skill level 5 in Unarmed Combat
   888 | D:2      | Reached XP level 4. HP: 28/31 MP: 4/4
   925 | D:2      | Found an iron altar of Okawaru.
  1484 | D:3      | Noticed Purgy
  1572 | D:3      | Noticed Grinder
  1581 | D:3      | Noticed Uberwunderbarhen's ghost (amateur OpFi)
  1836 | D:4      | Reached XP level 5. HP: 23/36 MP: 5/5
  1910 | D:4      | Reached XP level 6. HP: 2/43 MP: 6/6
  2249 | D:4      | Reached skill level 6 in Unarmed Combat
  2821 | D:4      | Reached XP level 7. HP: 45/48 MP: 7/7
  3061 | D:4      | Reached skill level 5 in Dodging
  3299 | D:4      | Noticed a black bear
  3309 | D:4      | Killed a black bear
  3326 | D:5      | Entered Level 5 of the Dungeon
  3343 | D:5      | Found a glowing drain.
  3380 | D:5      | HP: 2/49 [worm (9)]
  3556 | Sewer    | Entered a sewer
  3857 | Sewer    | Reached skill level 7 in Unarmed Combat
  3869 | Sewer    | Reached skill level 5 in Fighting
  3893 | Sewer    | Reached XP level 8. HP: 41/55 MP: 8/8
  4436 | D:5      | Found a white marble altar of Elyvilon.
  4505 | D:5      | Found a radiant altar of Vehumet.
  4507 | D:5      | Found an ancient bone altar of Kikubaaqudgha.
  4507 | D:5      | Found a deep blue altar of Sif Muna.
  4515 | D:5      | Identified Vehumet's Disquisition on Conjuration (You found it on level 5 of the Dungeon)
  4522 | D:5      | Identified Kikubaaqudgha's Guide on Darkness
  4531 | D:5      | Identified Sif Muna's Catalogue of Protection
  4535 | D:5      | Learned a level 1 spell: Infusion
  4586 | D:5      | Noticed Edmund
  4670 | D:5      | Killed Edmund
  5083 | D:5      | Noticed Pikel
  5122 | D:5      | Found a shattered altar of Ashenzari.
  5288 | D:5      | Noticed Duvessa
  5288 | D:5      | Noticed Dowan
  5497 | D:5      | Reached skill level 8 in Unarmed Combat
  5639 | D:5      | Found a glowing silver altar of Zin.
  5655 | D:5      | Found an opulent altar of Gozag.
  5659 | D:5      | Found a shimmering altar of Xom.
  5662 | D:5      | Found a glowing golden altar of the Shining One.
  5797 | D:5      | Reached XP level 9. HP: 63/63 MP: 10/10
  5911 | D:3      | Killed Grinder
  5911 | D:3      | Reached skill level 1 in Spellcasting
  5956 | D:3      | HP: 1/63 [orc/dagger (3)]
  5958 | D:3      | Succumbed to an adder's poison

Action                   |  1- 3 |  4- 6 |  7- 9 || total
-------------------------+-------+-------+-------++-------
Melee: Unarmed           |    58 |   126 |   216 ||   400
Throw: Stone             |       |     3 |       ||     3
 Cast: Infusion          |       |       |     1 ||     1
 Stab: Sleeping          |    12 |     9 |    21 ||    42
       Distracted        |       |     2 |     1 ||     3
  Eat: Chunk             |       |     4 |     5 ||     9
       Fruit             |       |     1 |       ||     1
       Pizza             |       |     1 |       ||     1
       Meat ration       |       |       |     1 ||     1
